 Dungeon Crawl Stone Soup version 0.31-a0-700-gf13585253f (webtiles) character file.

Game seed: 3838837773146028908

1612 qw the Skirmisher (level 8, -1/51 HPs)
             Began as a Gargoyle Hunter on Sept 7, 2023.
             Slain by a centaur (5 damage)
             ... on level 7 of the Dungeon.
             The game lasted 00:01:45 (4347 turns).

qw the Skirmisher (Gargoyle Hunter)                 Turns: 4347, Time: 00:01:45

Health: -1/51      AC: 11    Str: 15    XL:     8   Next: 95%
Magic:  8/8        EV: 11    Int: 10    God:
Gold:   289        SH:  0    Dex: 15    Spells: 7/7 levels left

rFire   + . .        n - +0 arbalest (heavy)
rCold   + . .        (shield currently unavailable)
rNeg    + . .        k - +0 ring mail
rPois   inf          (no helmet)
rElec   +            m - scarf {rC+ rF+}
rCorr   .            (no gloves)
SInv    +            (no boots)
Will    .....        i - amulet of the acrobat
Stlth   +            g - ring of see invisible
HPRegen 0.28/turn    (no ring)
MPRegen 0.11/turn

%: acrobat
@: no status effects
A: sickness immunity, AC +5, negative energy resistance 1, electricity
resistance, torment resistance 1, petrification resistance
a: no special abilities


You were on level 7 of the Dungeon.
You visited 1 branch of the dungeon, and saw 7 of its levels.

You collected 356 gold pieces.
You spent 67 gold pieces at shops.


Innate Abilities, Weirdness & Mutations

You are immune to sickness and miasma.
Your stone body is resilient. (AC +5)
You are immune to poison.
You resist negative energy. (rN+)
You are resistant to electric shocks. (rElec)
You are resistant to unholy torment.
You are immune to petrification.


   Skills:
 - Level 6.2 Fighting
 + Level 9.9 Ranged Weapons
 - Level 2.5 Armour
 - Level 2.3 Dodging
 - Level 1.1 Stealth


You had 7 spell levels left.
You didn't know any spells.
Your spell library was empty.

Inventory:

Hand Weapons
 n - a +0 heavy arbalest (weapon)
Armour
 k - a +0 ring mail (worn)
 m - a scarf of resistance (worn)
Jewellery
 g - a ring of see invisible (left hand)
 i - an amulet of the acrobat (around neck)
Scrolls
 o - a scroll of identify
Potions
 a - a potion of enlightenment
 b - 3 potions of curing
 c - a potion of ambrosia {unknown}
 e - a potion of mutation {unknown}
 f - a potion of degeneration {unknown}
 j - 2 potions of might
 l - a potion of haste {unknown}

Dungeon Overview and Level Annotations

Branches:
Dungeon (7/15)
 Temple: D:4-7

Altars:
Ashenzari
Fedhas
Gozag
Ru
Yredelemnul

Shops:
D:4 =   D:6 (


Message History

You shoot a bolt. The bolt hits the centaur.
The centaur is moderately wounded.
The centaur barely misses you. x2; The centaur shoots an arrow.
The arrow hits you but does no damage.
The centaur hits you but does no damage.
The centaur kicks you.
Dowan breathes, "And she was my only..."
The iguana bites you. The shadow imp barely misses you.
The centaur barely misses you. The centaur kicks you.
The centaur unwields a +0 shortbow.
The centaur hits you but does no damage.
The centaur kicks you but does no damage.
The iguana barely misses you. The centaur barely misses you.
The centaur closely misses you. The shadow imp barely misses you.
You shoot a bolt. The bolt hits the centaur!!
You kill the centaur!
The centaur misses you. The centaur barely misses you.
The centaur hits you but does no damage.
The centaur kicks you but does no damage.
The iguana misses you. The shadow imp barely misses you.
The centaur barely misses you. The centaur misses you. Dowan barely misses you.
The iguana barely misses you.
An ice beast comes into view.
The shadow imp barely misses you.
The centaur hits you but does no damage.
The centaur closely misses you.
You shoot a bolt. The bolt hits Dowan!!
You kill Dowan!
The centaur closely misses you. The centaur kicks you.
The iguana bites you but does no damage.
The shadow imp barely misses you.
The centaur hits you but does no damage.
The centaur kicks you but does no damage.
The iguana closely misses you. The sky beast misses you.
The shadow imp hits you but does no damage.
The centaur hits you. The centaur barely misses you.
You shoot a bolt. The bolt hits the sky beast!!
The sky beast is heavily wounded.
The centaur hits you.
You die...

#.. #..#
#..###..#
#...##..# .#
##...##..#
...#........#
.......$....#
#...........#
##...###Y....#
......l@5Y.(##
......c##...#
...###. ##..#
# .. #..# .##
..# #. .## .
##


You could see an ice beast, a sky beast (invisible), a centaur, an iguana and a
shadow imp.

Vanquished Creatures
  Sigmund (D:6)
  A steam dragon (D:7)
  Edmund (D:6)
  Duvessa (D:7)
  2 ice beasts
  2 centaurs
  2 phantoms
  3 scorpions
  Dowan (D:7)
  A jelly (D:5)
  2 hounds
  A sleepcap (D:4)
  Jessica (D:2)
  3 orc wizards
  2 gnolls
  8 adders
  A white imp (D:5)
  2 dart slugs
  26 orcs
  6 bats
  5 endoplasms
  2 giant cockroaches
  12 goblins
  8 hobgoblins
  9 kobolds
  3 quokkas
  12 ball pythons
  4 frilled lizards (D:1)
  9 rats
131 creatures vanquished.

Vanquished Creatures (others)
  An orc zombie (D:3)
1 creature vanquished.

Grand Total: 132 creatures vanquished

Notes
Turn   | Place    | Note
-------+----------+-------------------------------------------
     0 | D:1      | qw the Gargoyle Hunter began the quest for the Orb.
     0 | D:1      | Reached XP level 1. HP: 12/12 MP: 1/1
     0 | D:1      | 0 ||| qw: Version: 0.3-a-76-g4403597
     0 | D:1      | 0 ||| qw: Game counter: 495
     0 | D:1      | 0 ||| qw: Melee chars always use a shield: true
     0 | D:1      | 0 ||| qw: God list: Okawaru
     0 | D:1      | 0 ||| qw: Allow faded altars: false
     0 | D:1      | 0 ||| qw: Do Orc after clearing Dungeon:15 true
     0 | D:1      | 0 ||| qw: Do second Lair branch before Depths: true
     0 | D:1      | 0 ||| qw: Lair rune preference: random
     0 | D:1      | 0 ||| qw: Goals: Normal
     0 | D:1      | 0 ||| PLANNING D:1-11
    77 | D:1      | Reached XP level 2. HP: 17/17 MP: 2/2
   194 | D:1      | Reached XP level 3. HP: 21/21 MP: 3/3
   263 | D:1      | Reached skill level 5 in Ranged Weapons
   532 | D:1      | 532 ||| UPGRADING to +0 ring mail.
   542 | D:1      | 542 ||| DROPPING +0 leather armour.
   543 | D:1      | 543 ||| UPGRADING to ring of see invisible.
   544 | D:1      | 544 ||| READING 3 scrolls labelled FICWUNGEOPOM.
   545 | D:1      | 545 ||| READING scroll labelled SAMALA BAQO UDGH.
   546 | D:1      | 546 ||| READING scroll labelled USCHOO HANNAOL.
   547 | D:1      | 547 ||| DROPPING 2 scrolls of amnesia.
   548 | D:1      | 548 ||| DROPPING scroll of butterflies.
   621 | D:2      | Reached skill level 1 in Armour
   621 | D:2      | Reached XP level 4. HP: 27/27 MP: 4/4
   819 | D:2      | Reached skill level 3 in Fighting
   904 | D:2      | Noticed Jessica
   910 | D:2      | Killed Jessica
  1109 | D:2      | 1109 ||| DROPPING ring of magical power.
  1110 | D:2      | 1110 ||| READING scroll labelled BOL ODYDORAI.
  1148 | D:3      | 1148 ||| RETREATING.
  1152 | D:3      | Reached XP level 5. HP: 32/32 MP: 5/5
  1270 | D:3      | Found a broken altar of Ashenzari.
  1818 | D:3      | Found an opulent altar of Gozag.
  1821 | D:3      | 1821 ||| FLEEEEING.
  1854 | D:3      | Found a blossoming altar of Fedhas.
  1985 | D:3      | 1985 ||| READING scroll labelled VYLAURCH CEASOH.
  1986 | D:3      | 1986 ||| READING scroll labelled HUSKAE WYUPH.
  1987 | D:3      | 1987 ||| DRINKING 2 bubbling golden potions.
  1988 | D:3      | 1988 ||| DRINKING 3 golden potions.
  2026 | D:4      | Reached skill level 6 in Ranged Weapons
  2091 | D:4      | Reached XP level 6. HP: 12/38 MP: 6/6
  2273 | D:4      | 2273 ||| DROPPING +2 sling of draining.
  2351 | D:4      | 2351 ||| FLEEEEING.
  2352 | D:4      | 2352 ||| FLEEEEING.
  2464 | D:4      | Found Nuisesk's Jewellery Shop.
  2469 | D:4      | 2469 ||| SHOPLISTING ring of positive energy (260 gold,
                  | have 193).
  2469 | D:4      | 2469 ||| SHOPLISTING ring of resist corrosion (260 gold,
                  | have 193).
  2486 | D:4      | Noticed an ice beast
  2496 | D:4      | Killed an ice beast
  2497 | D:4      | Reached skill level 7 in Ranged Weapons
  2618 | D:4      | 2618 ||| READING 2 scrolls of brand weapon.
  2618 | D:4      | 2618 ||| BRANDING +0 shortbow of chaos.
  2774 | D:4      | Reached XP level 7. HP: 43/43 MP: 7/7
  2886 | D:4      | 2886 ||| DROPPING scarf of harm.
  2887 | D:4      | 2887 ||| UPGRADING to amulet of the acrobat.
  2892 | D:4      | 2892 ||| READING scroll labelled WYFIQU BUOHU.
  2893 | D:4      | 2893 ||| DRINKING 3 ruby potions.
  2931 | D:5      | Entered Level 5 of the Dungeon
  3009 | D:5      | 3009 ||| RETREATING.
  3048 | D:5      | Reached skill level 8 in Ranged Weapons
  3633 | D:5      | 3633 ||| UPGRADING to scarf of resistance.
  3638 | D:5      | 3638 ||| READING scroll labelled AHIKAG BIPHOA.
  3664 | D:6      | Found Gaotrot's Weapon Emporium.
  3671 | D:6      | 3671 ||| BUYING +0 arbalest (67 gold).
  3671 | D:6      | Bought a +0 arbalest for 67 gold pieces
  3671 | D:6      | 3671 ||| SWAPPING to +0 arbalest.
  3672 | D:6      | 3672 ||| DROPPING +0 heavy shortbow.
  3673 | D:6      | 3673 ||| READING scroll of brand weapon.
  3673 | D:6      | 3673 ||| BRANDING +0 arbalest.
  3702 | D:6      | Reached XP level 8. HP: 34/50 MP: 8/8
  3843 | D:6      | Found a basalt altar of Yredelemnul.
  3853 | D:6      | Noticed Sigmund
  3854 | D:6      | Killed Sigmund
  3855 | D:6      | Reached skill level 9 in Ranged Weapons
  3868 | D:6      | Noticed Edmund
  3874 | D:6      | Killed Edmund
  3875 | D:6      | Reached skill level 6 in Fighting
  4252 | D:6      | 4252 ||| READING scroll labelled XIEFUI RIYSHAT.
  4269 | D:7      | Found a sacrificial altar of Ru.
  4331 | D:7      | Noticed Duvessa
  4331 | D:7      | Noticed Dowan
  4332 | D:7      | 4332 ||| RETREATING.
  4334 | D:7      | 4334 ||| Stepping ~*~*~tactically~*~*~ (retreating).
  4335 | D:7      | 4335 ||| Stepping ~*~*~tactically~*~*~ (retreating).
  4336 | D:7      | 4336 ||| Stepping ~*~*~tactically~*~*~ (retreating).
  4338 | D:7      | 4338 ||| Stepping ~*~*~tactically~*~*~ (retreating).
  4339 | D:7      | 4339 ||| Stepping ~*~*~tactically~*~*~ (retreating).
  4343 | D:7      | Killed Duvessa
  4343 | D:7      | HP: 10/51 [centaur (4)]
  4346 | D:7      | Killed Dowan
  4346 | D:7      | HP: 3/51 [centaur (4)]
  4347 | D:7      | Slain by a centaur

Levels and vault maps discovered:
D:1:      minmay_arrival_semitransparent, layout_rooms, minmay_nonomino_d4
D:2:      layout_rooms, kennysheep_jessica_study
D:3:      layout_basic, mainiacjoe_overflow_two_lobes,
          ashenzari_conservatory_becter
D:4:      layout_gridville, serial_shops, shop, minmay_unequal
D:5:      layout_loops_ring, serial_bayou_pond_e, kennysheep_potato
D:6:      layout_cave_pools, yredelemnul_altar_generic, serial_shops, shop,
          sigmund_edmund_badplayer
D:7:      layout_layer_cave, nicolae_ru_sacrificial_ziggurat,
          minmay_temple_entry_waves, minmay_misc_feat_columns,
          reono_crystal_passage, uniq_maggie, uniq_duvessa

Skill      XL: |  1  2  3  4  5  6  7  8 |
---------------+-------------------------+-----
Ranged Weapons | 5 6 7 8 9 |  9.9
Armour         | 1 2 |  2.5
Fighting       | 3 4 5 6 |  6.2
Dodging        | 2 |  2.3
Stealth        | |  1.1

Action                     |  1- 3 |  4- 6 |  7- 9 || total
---------------------------+-------+-------+-------++-------
   Fire: Shortbow          |   111 |   177 |    65 ||   353
         Arbalest          |       |       |    39 ||    39
    Use: Scroll            |     3 |     4 |     4 ||    11
         Potion            |       |     2 |     1 ||     3
 Armour: Leather armour    |    23 |       |       ||    23
         Ring mail         |     2 |    51 |    97 ||   150
  Dodge: Dodged            |    32 |    48 |    91 ||   171

Table legend:
 A = Non-vault XP
 B = Vault XP
 C = Vault XP percentage of total XP
 D = Non-vault monster count
 E = Vault monster count
 F = Vault count percentage of total count
                 A         B        C        D         E       F
            +---------+---------+-------+---------+---------+-------
      Total |    1568 |     735 |  31.9 |     112 |      19 |  14.5
            +---------+---------+-------+---------+---------+-------
        D:1 |      52 |      12 |  18.8 |      26 |       7 |  21.2
        D:2 |      37 |      39 |  51.3 |      19 |       2 |   9.5
        D:3 |      74 |       0 |   0.0 |      18 |       0 |   0.0
        D:4 |     447 |      16 |   3.5 |      29 |       3 |   9.4
        D:5 |     279 |     100 |  26.4 |      11 |       3 |  21.4
        D:6 |     428 |     388 |  47.5 |       7 |       2 |  22.2
        D:7 |     251 |     180 |  41.8 |       2 |       2 |  50.0
            +---------+---------+-------+---------+---------+-------
